 Dungeon Crawl Stone Soup version 0.24.1-4-ge52af88ad5 (webtiles) character file.

Game seed: 2300200931999348373, levelgen mode: deterministic

23 MajorAdolf the Gusty (level 2, -2/22 HPs)
             Began as a Naga Wanderer on Apr 13, 2020.
             Slain by a goblin (4 damage)
             ... led by Robin
             ... on level 2 of the Dungeon.
             The game lasted 00:02:17 (940 turns).

MajorAdolf the Gusty (Naga Wanderer)                 Turns: 940, Time: 00:02:18

Health: -2/22      AC:  3    Str: 10    XL:     2   Next: 95%
Magic:  3/3        EV:  7    Int: 19    God:
Gold:   40         SH:  0    Dex: 12    Spells: 3/3 levels left

rFire    . . .     SeeInvis +   c - +0 dagger
rCold    . . .     Gourm    .   (no shield)
rNeg     . . .     Faith    .   b - +0 ring mail
rPois    +         Spirit   .   (no helmet)
rElec    .         Reflect  .   (no cloak)
rCorr    .         Harm     .   (no gloves)
MR       .....                  (no barding)
Stlth    +.........             (no amulet)
HPRegen  0.07/turn              (no ring)
MPRegen  0.08/turn              (no ring)

@: brilliant, very slow
A: large, see invisible, deformed body, poison resistance, slowness 2, slow
metabolism 1, spit poison 1, AC +0
a: Spit Poison


You were on level 2 of the Dungeon.
You were not hungry.

You visited 1 branch of the dungeon, and saw 2 of its levels.

You collected 40 gold pieces.

Inventory:

Hand Weapons
 c - a +0 dagger (weapon)
Armour
 b - a +0 ring mail (worn)
Scrolls
 e - a scroll of remove curse
Comestibles
 a - 4 chunks of flesh
 f - a ration


   Skills:
   Level 3.0 Long Blades
 - Level 1.7 Throwing
 + Level 2.0 Armour
 - Level 1.0 Spellcasting
   Level 4.0 Air Magic


You had 3 spell levels left.
You didn't know any spells.
Your spell library contained the following spells:

 Spells                   Type           Power        Failure   Level  Hunger
 Shock                    Conj/Air       ###.         2%          1    ##.....
 Swiftness                Chrm/Air       ###.....     3%          2    ###....
 Sandblast                Erth           ##....       5%          1    ##.....
 Static Discharge         Conj/Air       ###.....     7%          3    ####...
 Stone Arrow              Conj/Erth      ##....       14%         3    ####...
 Airstrike                Air            ####......   10%         4    #####..
 Lightning Bolt           Conj/Air       ###.......   45%         5    ######.


Dungeon Overview and Level Annotations

Branches:
Dungeon (1/15)

Altars:
Elyvilon

Annotations:
D:2 Robin


Innate Abilities, Weirdness & Mutations

You cannot wear boots.
Your serpentine skin is tough. (AC +0)
You have supernaturally acute eyesight. (SInv)
Armour fits poorly on your strangely shaped body.
Your system is resistant to poisons. (rPois)
You cover ground very slowly.
You have a slow metabolism.
You can spit poison.


Message History

A goblin comes into view. It is wielding a +0 club.
The goblin hits you but does no damage.
A goblin comes into view.
Robin throws the goblin at you! The kobold hits you with a +0 club.
The goblin hits you but does no damage. The goblin hits you with a +0 dagger.
* * * LOW HITPOINT WARNING * * *
Unknown command.
Found a white marble altar of Elyvilon. 2 quokkas come into view.
Okay, then.
The kobold hits you but does no damage.
A worm comes into view.
The goblin completely misses you.
The hobgoblin no longer looks unusually strong.
The quokka bites you.
* * * LOW HITPOINT WARNING * * *
A kobold comes into view.
The kobold shouts!
Robin throws the goblin at you! The goblin hits you.
You die...

..............
............. #.......
............ #......
........... #.....
..........# #....
≈.........# #...##...
.........w######...#....
..?...........#.g.......
.......#........@#.....
g....g.##†.....Krr......
..g........###gg.#.⌠.⌠.#
g..........g##..r.....K.
..........#.##gg.#.....#
.............g......_...
...........gg....#.....#
.....(.#.....#..........
....#####.#...#.⌠.⌠.


You could see a worm, Robin, 2 quokkas, 2 hobgoblins, 4 goblins, 2 kobolds and a
rat.

Vanquished Creatures
  A dart slug (D:2)
  A leopard gecko (D:1)
  A ball python (D:1)
  A giant cockroach (D:1)
  5 goblins (D:1)
  A hobgoblin (D:1)
  5 bats (D:1)
  3 rats (D:1)
18 creatures vanquished.

Notes
Turn   | Place    | Note
-------+----------+-------------------------------------------
     0 | D:1      | MajorAdolf the Naga Wanderer began the quest for the Orb.
     0 | D:1      | MajorAdolf set off with the following items: a +0 falchion,
                  | a +0 robe, a ration; and the following spells available to
                  | memorise: Shock, Swiftness, Sandblast, Static Discharge,
                  | Airstrike, Stone Arrow, Lightning Bolt
     0 | D:1      | Reached XP level 1. HP: 15/15 MP: 2/2
   301 | D:1      | Reached skill level 1 in Armour
   387 | D:1      | Reached XP level 2. HP: 22/22 MP: 3/3
   923 | D:1      | You fall into a shaft and drop 1 floor!
   923 | D:2      | Noticed Robin
   935 | D:2      | Found a white marble altar of Elyvilon.
   940 | D:2      | Slain by a goblin

Levels and vault maps discovered:
D:1:      minmay_arrival_four_circles, layout_basic
D:2:      layout_basic, nemelex_altar_shiori, dancing_weapons_uskayaw,
          marbit_many_paths, serial_rivers, chequers_serial_rivers_small_b,
          chequers_serial_rivers_large_a, chequers_serial_rivers_large_b,
          chequers_serial_rivers_small_a, chequers_serial_rivers_small_a,
          elyvilon_altar_5, uniq_robin

Skill      XL: |  1  2 |
---------------+-------+-----
Armour         | 1 2 |  2.0
Long Blades    | |  3.0
Throwing       | |  1.7
Spellcasting   | |  1.0
Air Magic      | |  4.0

Action                   || total
-------------------------++-------
Melee: Falchion          ||     5
       Dagger            ||     3
 Abil: Spit Poison       ||    24
  Use: Scroll            ||     1
       Potion            ||     1
  Eat: Chunk             ||     1
Armor: Robe              ||     1
       Ring mail         ||    14
Dodge: Dodged            ||    13
       Rpst.: Falchion   ||     1
